Map: Chantier naval orbital

Players

Heyoka - Winner!

  • Race: Zerg Zerg

IA (moyenne)

  • Race: Zerg Zerg

VOD

Have the link to the VOD?

Description

Time

  • Played on: Nov. 29, 2015, 5:58 p.m.
  • Length: 5:42
Show
View Real Time Build Order
Export as new Build Order

Heyoka Zerg - Winner!

Build Orders: Pool Only 

Get SALT Encoding   

  12  0:01  Drone  
  13  0:08  Drone  
  14  0:17  Overlord  
  14  0:36  Drone x3  
  17  0:47  Drone  
  18  0:57  Spawning Pool  
  17  1:00  Drone, Extractor  
  17  1:09  Drone  
  18  1:19  Drone  
  19  1:30  Drone  
  20  1:41  Overlord  
  20  1:43  Queen  
  22  1:48  Roach Warren  
  22  1:54  Drone  
  22  2:02  Evolution Chamber, Overlord  
  21  2:28  Zerg Missile Weapons Level 1  
  21  2:30  Roach  
  21  2:31  Roach  
  25  2:37  Roach  
  27  2:48  Roach  
  29  2:57  Roach  
  31  3:01  Roach  
  33  3:10  Roach  
  35  3:26  Overlord  
  35  3:29  Roach  
  37  3:55  Roach x2  
  41  3:56  Roach  
  43  4:12  Roach  
  43  4:14  Overlord  
  45  4:32  Roach x2  
  47  5:02  Roach x3  
Show
View Real Time Build Order
Export as new Build Order

IA (moyenne) Zerg 

Build Orders: Pool First 

Get SALT Encoding   

  12  0:00  Drone  
  13  0:12  Overlord  
  13  0:17  Drone  
  14  0:30  Drone  
  14  0:33  Drone  
  16  0:43  Spawning Pool  
  16  0:45  Drone  
  16  0:49  Drone  
  17  0:52  Extractor  
  17  0:55  Drone  
  17  1:05  Overlord  
  17  1:30  Queen  
  17  1:31  Zergling x2  
  20  1:33  Zergling x2  
  20  1:38  Roach Warren, Drone  
  21  1:49  Drone  
  21  1:50  Baneling Nest  
  21  1:59  Drone  
  22  2:10  Zergling x2  
  23  2:21  Zergling x2  
  24  2:31  Overlord  
  24  2:33  Extractor  
  24  2:34  Baneling  
  24  2:35  Baneling  
  23  2:37  Drone, Zergling x2  
  23  2:39  Evolution Chamber, Zergling x2  
  23  2:43  Drone  
  26  2:54  Zergling x2  
  27  3:05  Drone  
  28  3:10  Drone  
  29  3:13  Drone  
  29  3:16  Drone, Overlord  
  31  3:27  Drone  
  32  3:38  Drone  
  36  4:10  Lair, Drone, Roach, Overlord  
  36  4:22  Drone, Roach  
  32  4:34  Spore Crawler, Roach  
  33  4:42  Drone  
  34  4:46  Roach  
  30  4:55  Drone  
  30  4:58  Drone, Roach  
  20  5:07  Overseer  
  20  5:08  Overseer  
  20  5:10  Zergling x2  
  13  5:14  Hatchery  
  13  5:16  Drone  
  6  5:25  Drone  
Tags
 
Add a new tag
Caveats
  • Supply blocks, unpowered buildings, or Contaminate may cause inaccurate times.
  • Supply counts are checked every 10 seconds.